 Dungeon Crawl Stone Soup version 0.30.1-11-g7821555f0a (webtiles) character file.

Game seed: 14257773762225173958

16 lonewolfV2 the Shield-Bearer (level 2, -2/25 HPs)
             Began as a Formicid Fighter on Nov 15, 2023.
             Slain by Terence
             ... wielding a +3 short sword of speed
              (3 damage)
             ... on level 2 of the Dungeon.
             The game lasted 00:00:46 (548 turns).

lonewolfV2 the Shield-Bearer (Formicid Fighter)      Turns: 548, Time: 00:00:47

Health: -2/25      AC:  9    Str: 20    XL:     2   Next: 75%
Magic:  2/2        EV:  4    Int:  7    God:
Gold:   36         SH:  5    Dex: 13    Spells: 1/1 levels left

rFire   . . .        a - +0 war axe
rCold   . . .        c - +0 buckler
rNeg    . . .        e - +0 chain mail
rPois   .            (helmet unavailable)
rElec   .            (no cloak)
rCorr   .            (no gloves)
SInv    +            (no boots)
Will    .....        (no amulet) Stlth
                     (no ring)
HPRegen 0.24/turn    (no ring)
MPRegen 0.08/turn

%: no passive effects
@: mighty, constricted
A: permanent stasis, dig shafts and tunnels, antennae 3, four strong arms
a: Dig, Shaft Self


You were on level 2 of the Dungeon.
You visited 1 branch of the dungeon, and saw 2 of its levels.

You collected 36 gold pieces.

Inventory:

Hand Weapons
 a - a +0 war axe (weapon)
Armour
 c - a +0 buckler (worn)
 e - a +0 chain mail (worn)
Potions
 f - 2 potions of haste {unknown}
 h - 2 potions of attraction {unknown}
 i - 2 potions of curing {unknown}
 j - 3 potions of heal wounds


   Skills:
 + Level 3.8 Fighting
 + Level 2.5 Axes
 - Level 3.2 Armour
 - Level 4.0 Shields


You had one spell level left.
You didn't know any spells.
Your spell library contained the following spells:

 Spells                   Type           Power      Damage    Failure   Level
 Magic Dart               Conj           0%         1d3       99%         1
 Searing Ray              Conj           0%         2d4       100%        2
 Fulminant Prism          Conj/Hex       0%         3d5       100%        4


Dungeon Overview and Level Annotations

Branches:
Dungeon (2/15)

Altars:
Fedhas

Annotations:
D:2 Terence


Innate Abilities, Weirdness & Mutations

You cannot be hasted, slowed, berserked, paralysed or teleported.
You can dig through walls and to a lower floor.
You have a pair of large antennae on your head. (SInv)
Your four strong arms can wield two-handed weapons with a shield.


Message History

As you read the scroll labelled BAPPAOCRANKE, it crumbles to dust.
You feel a strange sense of stasis.
It was a scroll of teleportation.
There is a stone staircase leading down here.
You climb downwards.
There is a stone staircase leading up here.
You sense a monster nearby.
Terence the Incautious comes into view.
He is wielding a +3 short sword of speed.
Found a stone staircase leading down.
Terence shouts!
You hear an angry hiss.
Terence is nearby!
Terence is nearby!
Found a scroll of identify.
Found a blossoming altar of Fedhas.
Terence hits you but does no damage.
You hit Terence.
Terence is lightly wounded.
Terence hits you with a +3 short sword of speed.
You block Terence's attack.
You hit Terence but do no damage.
Terence is lightly wounded.
A ball python comes into view.
Terence hits you with a +3 short sword of speed. x2
The ball python hisses angrily.
You hit Terence but do no damage.
Terence is lightly wounded.
Terence hits you with a +3 short sword of speed. x2
You closely miss Terence.
Terence is lightly wounded.
You block Terence's attack. Terence hits you but does no damage.
You hit Terence.
Terence is moderately wounded.
Terence hits you with a +3 short sword of speed.
* * * LOW HITPOINT WARNING * * *
You block Terence's attack.
You feel very mighty all of a sudden.
The ball python bites you but does no damage.
The ball python grabs you. The ball python constricts you.
Terence hits you with a +3 short sword of speed.
* * * LOW HITPOINT WARNING * * *
Terence hits you with a +3 short sword of speed.
You die...

#.# #.# #.#
#.# #.# #.#
#.######
#......#
######@#
.......@S...#
............#
.......>....#
...._.......#
......?.....#
.............
#+#####.##....


You could see Terence and a ball python.

Vanquished Creatures
  4 ball pythons (D:1)
  3 endoplasms (D:1)
  2 giant cockroaches (D:1)
  2 hobgoblins (D:1)
  A kobold (D:1)
  A bat (D:1)
  2 rats (D:1)
15 creatures vanquished.

Notes
Turn   | Place    | Note
-------+----------+-------------------------------------------
     0 | D:1      | lonewolfV2 the Formicid Fighter began the quest for the
                  | Orb.
     0 | D:1      | Reached XP level 1. HP: 18/18 MP: 1/1
    45 | D:1      | Reached XP level 2. HP: 17/24 MP: 2/2
   540 | D:2      | Noticed Terence
   541 | D:2      | Found a blossoming altar of Fedhas.
   548 | D:2      | HP: 1/25 [Terence/+3 short sword of speed (6)]
   548 | D:2      | Slain by Terence

Illustrated notes

Levels and vault maps discovered:
D:1:      lemuel_arrival_cross, layout_rooms, minmay_hexomino_f4
D:2:      layout_basic, basic_altar, serial_park_tiny_1, serial_park_tiny_2,
          nicolae_hexahallways, uniq_terence

Action                     || total
---------------------------++-------
  Melee: War axe           ||    36
    Use: Scroll            ||     3
         Potion            ||     1
 Armour: Scale mail        ||    10
         Chain mail        ||    10
  Dodge: Dodged            ||    16
  Block: Buckler           ||    11
